 Dungeon Crawl Stone Soup version 0.30-a0-824-g6c64550be9 (webtiles) character file.

Game seed: 5091388951187272443

138 cforsyth the Sneak (level 5, 0/32 HPs)
             Began as a Kobold Brigand on Feb 28, 2023.
             Killed by divine providence
             ... invoked by an orc priest
              (16 damage)
             ... on level 3 of the Dungeon.
             The game lasted 00:02:01 (2053 turns).

cforsyth the Sneak (Kobold Brigand)                 Turns: 2053, Time: 00:02:01

Health: 0/32       AC:  4    Str:  8    XL:     5   Next: 45%
Magic:  5/5        EV: 15    Int: 12    God:
Gold:   73         SH:  0    Dex: 19    Spells: 4/4 levels left

rFire   . . .      SeeInvis .    a - +2 dagger
rCold   . . .      Faith    .    (no shield)
rNeg    . . .      Spirit   .    b - +0 robe
rPois   .          Reflect  .    l - +0 helmet
rElec   .          Harm     .    c - +0 cloak
rCorr   .          Rampage  .    (no gloves)
Will    .....                    (no boots)
Stlth   +++++                    (no amulet)
HPRegen 0.25/turn                (no ring)
MPRegen 0.09/turn                (no ring)

@: no status effects
A: small, no large weapons, nightstalker 3
a: no special abilities


You were on level 3 of the Dungeon.
You visited 1 branch of the dungeon, and saw 3 of its levels.

You collected 73 gold pieces.

Inventory:

Hand Weapons
 a - a +2 dagger (weapon)
Missiles
 d - 9 poisoned darts (quivered)
 e - 3 curare-tipped darts
Armour
 b - a +0 robe (worn)
 c - a +0 cloak (worn)
 l - a +0 helmet (worn)
Jewellery
 f - a ring of ice
Scrolls
 j - a scroll of fear {unknown}
 k - 5 scrolls of identify {unknown}
 n - a scroll of vulnerability {unknown}
 p - a scroll of poison {unknown}
 q - a scroll of blinking {unknown}
 r - a scroll of enchant armour {unknown}
 t - a scroll of butterflies {unknown}
 v - a scroll of noise {unknown}
Potions
 g - a potion of haste {unknown}
 h - a potion of mutation {unknown}
 i - 2 potions of curing {unknown}
 m - 2 potions of attraction {unknown}
 o - a potion of invisibility {unknown}
 s - 2 potions of magic {unknown}
 u - a potion of degeneration {unknown}
 w - a potion of ambrosia {unknown}


   Skills:
 + Level 3.4 Fighting
 + Level 4.1 Short Blades
 - Level 2.1 Throwing
 + Level 3.0 Dodging
 + Level 6.3 Stealth


You had 4 spell levels left.
You didn't know any spells.
Your spell library contained the following spells:

 Spells                   Type           Power      Damage    Failure   Level
 Kiss of Death            Conj/Necr      0%         2d5       32%         1
 Ensorcelled Hibernation  Hex/Ice        0%         N/A       45%         2
 Lesser Beckoning         Tloc           0%         N/A       45%         2
 Passwall                 Tmut/Erth      0%         N/A       45%         2
 Confusing Touch          Hex            0%         N/A       69%         3
 Gell's Gravitas          Tloc           0%         N/A       69%         3
 Ozocubu's Armour         Ice            0%         N/A       69%         3
 Swiftness                Air            0%         N/A       69%         3
 Teleport Other           Tloc           0%         N/A       69%         3
 Anguish                  Hex/Necr       0%         N/A       97%         4
 Animate Dead             Necr           0%         N/A       97%         4
 Dispel Undead            Necr           0%         3d6       97%         4
 Borgnjor's Vile Clutch   Necr/Erth      0%         N/A       100%        5
 Death Channel            Necr           0%         N/A       100%        6
 Enfeeble                 Hex            0%         N/A       100%        7
 Ozocubu's Refrigeration  Ice            0%         4d7       100%        7


Dungeon Overview and Level Annotations

Branches:
Dungeon (3/15)

Altars:
Xom


Innate Abilities, Weirdness & Mutations

You are small and have problems with some larger weapons.
You are completely attuned to the shadows.


Message History

An orc comes into view. It is wielding a +0 short sword.
The orc priest mumbles some strange prayers to Beogh against you.
Beogh smites you!
The orc shouts!
You hit the hobgoblin.
You kill the hobgoblin!
The rat misses you.
You hit the orc.
The orc is lightly wounded.
The rat completely misses you. The orc misses you.
You barely miss the orc.
The orc is lightly wounded.
The orc hits you but does no damage.
An orc comes into view. It is wielding a +0 whip.
The orc priest hits you with a +0 dagger.
The rat closely misses you.
An orc comes into view. It is wielding a +0 flail.
You closely miss the orc.
The orc is lightly wounded.
The orc shouts!
You hit the orc but do no damage.
The orc is lightly wounded.
The rat barely misses you. The orc hits you with a +0 club.
You hit the orc.
The orc is moderately wounded.
The rat closely misses you. The orc misses you.
The orc priest hits you but does no damage.
You hit the orc but do no damage.
The orc is moderately wounded.
The orc barely misses you. The rat bites you but does no damage.
The orc priest mumbles some strange prayers to Beogh against you.
Pain shoots through your body! The orc completely misses you.
You are too injured to fight recklessly!
You are too injured to fight recklessly!
You hit the orc priest but do no damage.
The rat misses you. The orc hits you but does no damage.
The orc priest calls down the wrath of Beogh upon you.
Beogh smites you!
Ouch! That really hurt!
You die...

#<.#.#............
####.#########....
.............'....
##.#.#########....
.............<.......
..#.#...#.###########
...o#####.# #
...o#####.# #
..or@.....###########
...oo...#........รท...
........#...#........
........###..........
........# ##.........
.......# ##........
>.....# #...#####
.....# #.#...##.
#........


You could see an orc priest, 4 orcs and a rat.

Vanquished Creatures
  A hound (D:1)
  Jessica (D:2)
  3 adders
  2 worms (D:2)
  A dart slug (D:2)
  4 bats
  4 endoplasms
  A giant cockroach (D:2)
  2 goblins (D:2)
  7 hobgoblins
  6 jackals
  A quokka (D:2)
  6 ball pythons
  A frilled lizard (D:3)
  5 kobolds
  5 rats
50 creatures vanquished.

Notes
Turn   | Place    | Note
-------+----------+-------------------------------------------
     0 | D:1      | cforsyth the Kobold Brigand began the quest for the Orb.
     0 | D:1      | Reached XP level 1. HP: 12/12 MP: 1/1
    92 | D:1      | Reached XP level 2. HP: 17/18 MP: 2/2
   606 | D:2      | Reached XP level 3. HP: 10/22 MP: 3/3
   877 | D:2      | Found a shimmering altar of Xom.
   946 | D:2      | Reached XP level 4. HP: 9/27 MP: 4/4
  1108 | D:2      | Noticed Jessica
  1131 | D:1      | Reached skill level 6 in Stealth
  1544 | D:2      | Killed Jessica
  1545 | D:2      | Reached XP level 5. HP: 20/32 MP: 5/5
  2053 | D:3      | Killed from afar by an orc priest

Illustrated notes

Levels and vault maps discovered:
D:1:      heliophobic_arrival_dark_side_of_the_moon, layout_rooms, minivault_19
D:2:      layout_rooms, basic_altar, serial_curves, eino_curves_02,
          eino_curves_03, uniq_jessica
D:3:      layout_basic, uniq_natasha

Skill      XL: |  1  2  3  4  5 |
---------------+----------------+-----
Short Blades   | 3 4 |  4.1
Dodging        | 2 3 |  3.0
Fighting       | 3 |  3.4
Stealth        | 6 |  6.3
Throwing       | |  2.1

Action                     |  1- 3 |  4- 6 || total
---------------------------+-------+-------++-------
  Melee: Dagger            |   104 |    68 ||   172
   Stab: Sleeping          |    11 |    12 ||    23
 Armour: Robe              |    21 |    28 ||    49
  Dodge: Dodged            |    85 |    62 ||   147

Table legend: (Time is in decaauts)
 A = Elapsed time spent in this place.
 B = Non-inter-level travel time spent in this place.
 C = Inter-level travel time spent in this place.
 D = Time resting spent in this place.
 E = Time spent auto-exploring this place.
 F = Levels seen in this place.
 G = Mean time per level.
                   A        B        C        D        E       F      G
               +--------+--------+--------+--------+--------+-----+--------+
         Total |   2025 |   1983 |     42 |    399 |   1241 |   3 |  675.0 |
       Dungeon |   2025 |   1983 |     42 |    399 |   1241 |   3 |  675.0 |
               +--------+--------+--------+--------+--------+-----+--------+

Top non-repeatable levels by time:
     D:1: 954 daAuts
     D:2: 773 daAuts
     D:3: 298 daAuts
